 Dungeon Crawl Stone Soup version 0.28.0-47-ge53b351184 (webtiles) character file.

Game seed: 16424698746359587812

6008 101zpm the Thaumaturge (level 11, 0/67 HPs)
             Began as a Djinni Fire Elementalist on Apr 30, 2022.
             Was an Initiate of Cheibriados.
             Slain by a vampire mosquito (6 damage)
             ... on level 10 of the Dungeon.
             The game lasted 00:38:47 (11352 turns).

101zpm the Thaumaturge (Djinni Fire Elementalist)  Turns: 11352, Time: 00:38:48

Health: 0/67       AC:  5    Str:  8    XL:     11   Next: 10%
Gold:   363        EV: 12    Int: 22    God:    Cheibriados [......] SH:  0 Dex: 15

rFire   + + .      SeeInvis .   E - +4 battleaxe (freeze)
rCold   x . .      Faith    .   (shield currently unavailable)
rNeg    + + .      Spirit   .   x - +0 troll leather armour
rPois   ∞          Reflect  .   (no helmet)
rElec   .          Harm     .   (no cloak)
rCorr   .          Rampage  .   G - +0 pair of gloves
Will    +....                   (boots unavailable)
Stlth   ++........              (no amulet)
HPRegen 1.01/turn               e - ring of positive energy
MPRegen 0.00/turn               r - ring of positive energy

@: flying, very slow
A: sickness immunity, fire resistance 2, cold vulnerability 1, float, innate
caster, HP casting, extra vitality 1
a: Renounce Religion


You were on level 10 of the Dungeon.
You worshipped Cheibriados.
Cheibriados was noncommittal.
You visited 2 branches of the dungeon, and saw 11 of its levels.

You collected 363 gold pieces.

Inventory:

Hand Weapons
 E - a +4 battleaxe of freezing (weapon)
Armour
 x - a +0 troll leather armour (worn)
 y - a +2 leather armour of cold resistance
 z - the +0 leather armour of Perpetual Drought {Str+3 Dex+4}
   (You found it on level 7 of the Dungeon)

   Str:       It affects your strength (+3).
   Dex:       It affects your dexterity (+4).
 G - a +0 pair of gloves (worn)
 J - a +1 robe of cold resistance
Jewellery
 e - a ring of positive energy (left hand)
 r - a ring of positive energy (right hand)
 u - a +6 ring of strength
 w - a ring of fire
 B - an amulet of faith
Wands
 a - a wand of charming (4)
 s - a wand of digging (6)
 v - a wand of flame (18)
Scrolls
 b - a scroll of holy word {unknown}
 c - 6 scrolls of identify {unknown}
 h - 3 scrolls of fog {unknown}
 j - a scroll of silence {unknown}
 k - 2 scrolls of blinking {unknown}
 l - a scroll of noise {unknown}
 m - 2 scrolls of teleportation {unknown}
 n - a scroll of enchant armour {unknown}
 p - 2 scrolls of enchant weapon {unknown}
 A - a scroll of vulnerability {unknown}
 H - 2 scrolls of fear {unknown}
Potions
 d - 2 potions of flight {unknown}
 f - 7 potions of curing
 g - 3 potions of mutation {unknown}
 i - a potion of might {unknown}
 o - a potion of degeneration {unknown}
 q - a potion of lignification {unknown}
 t - a potion of invisibility {unknown}
 C - a potion of cancellation {unknown}
 D - 3 potions of brilliance
 F - a potion of heal wounds {unknown}
 I - 2 potions of haste {unknown}
 K - a potion of berserk rage {unknown}


   Skills:
 + Level 1.2 Fighting
 + Level 2.8 Armour
 + Level 2.8 Dodging
 + Level 3.4 Stealth
 + Level 11.9 Spellcasting


You had 5 spell levels left.
You knew the following spells:

 Your Spells              Type           Power      Damage    Failure   Level
a - Foxfire               Conj/Fire      100%       2x1d9     1%          1
b - Scorch                Fire           100%       2d10      1%          2
c - Conjure Flame         Conj/Fire      60%        6-21      1%          3
d - Inner Flame           Hex/Fire       60%        N/A       1%          3
e - Flame Wave            Conj/Fire      60%        2d12      1%          4
f - Summon Small Mammal   Summ           100%       N/A       1%          1
g - Ensorcelled Hibernat  Hex/Ice        100%       N/A       1%          2
h - Swiftness             Air            60%        N/A       1%          3
i - Summon Ice Beast      Ice/Summ       60%        N/A       1%          4
j - Irradiate             Conj/Tmut      30%        3d23      1%          5
Your spell library was empty.

Dungeon Overview and Level Annotations

Branches:
Dungeon (10/15)            Temple (1/1) D:6            Lair (0/6) D:10
    Orc: D:9-12

Altars:
Ashenzari
Cheibriados
Dithmenos
Elyvilon
Gozag
Hepliaklqana
Kikubaaqudgha
Makhleb
Nemelex Xobeh
Qazlal
Ru
Trog
Uskayaw
Vehumet
Xom
Yredelemnul
Zin

Shops:
D:6 !


Innate Abilities, Weirdness & Mutations

You are immune to sickness and miasma.
You are immune to poison.
Your flesh is very heat resistant. (rF++)
You are vulnerable to cold. (rC-)
You float through the air rather than walking.
You learn spells naturally, not from books.
Your magical power is your life essence.
You have superior vitality. (+4 MHP)


Message History

The vampire mosquito bites you!
* * * LOW HITPOINT WARNING * * *
The vampire mosquito bites you.
* * * LOW HITPOINT WARNING * * *
Your quokka completely misses the vampire mosquito.
Your ice beast barely misses the vampire mosquito.
Okay, then.
The vampire mosquito closely misses you. x2
The vampire mosquito bites you!
* * * LOW HITPOINT WARNING * * *
Your bat misses the vampire mosquito.
The vampire mosquito bites something but does no damage.
The vampire mosquito misses your bat.
Your bat closely misses the vampire mosquito.
Something misses your bat.
The vampire mosquito bites something.
The vampire mosquito bites your bat!
Your bat dies!
Your bat's corpse disappears in a puff of smoke!
The vampire mosquito closely misses something. x2
Casting: Foxfire (safe; 1% risk of failure)
Press: ? - help, Q - select action, (/) - cycle Dir - look around, f - activate You conjure some foxfire!
* * * LOW HITPOINT WARNING * * *
The foxfire hits the vampire mosquito!
The vampire mosquito is severely damaged.
The vampire mosquito misses something.
The vampire mosquito bites something but does no damage.
The vampire mosquito closely misses you.
The foxfire hits the vampire mosquito.
The vampire mosquito is severely damaged.
The vampire mosquito closely misses you.
Your quokka closely misses the vampire mosquito.
The vampire mosquito closely misses you.
Casting: Foxfire (safe; 1% risk of failure)
Confirm with . or Enter, or press ? or * to list all spells.
* * * LOW HITPOINT WARNING * * *
Something closely misses your quokka. The vampire mosquito bites you.
* * * LOW HITPOINT WARNING * * *
The vampire mosquito bites you.
You die...

###### ##.##.##
##..r...###
#.#y......## #.
##@y§......#
#..###r§..#.####
#....§...#.#.##
.....#rYy...#..##.#
... ...........#.## .
..............#.####
..............##...#.#
.........[........##.#
##......<............#


You could see 2 vampire mosquitoes, a friendly quokka (summoned) and a friendly
rat (summoned).

Vanquished Creatures
  Pikel (D:5)
  3 yaks (D:9)
  Edmund (D:5)
  An acid dragon (D:7)
  Duvessa (D:5)
  3 water moccasins
  A hornet zombie (D:7)
  2 orc warriors
  A black bear (D:8)
  2 sky beasts (D:6)
  2 necrophages
  7 centaurs
  An ogre (D:5)
  2 kobold brigands
  2 bullfrogs
  A water moccasin zombie (D:6)
  4 scorpions
  A wyvern zombie (D:7)
  Dowan (D:5)
  5 killer bees
  19 wights
  A howler monkey (D:5)
  A bullfrog skeleton (D:5)
  A bullfrog zombie (D:6)
  3 jellies
  2 hounds (D:6)
  4 centaur zombies
  3 orc priests
  2 gnoll shamans
  4 iguanas
  7 orc wizards
  2 howler monkey zombies
  11 gnolls
  2 adders
  A howler monkey skeleton (D:7)
  A white imp (D:7)
  An ufetubus (D:5)
  An adder zombie (D:5)
  A worm (D:5)
  A dart slug (D:4)
  24 orcs
  3 bats (D:2)
  10 endoplasms
  4 giant cockroaches
  3 goblins
  A hobgoblin (D:2)
  8 jackals
  A quokka (D:4)
  7 ball pythons
  3 frilled lizards
  16 kobolds
  2 rats (D:1)
192 creatures vanquished.

Vanquished Creatures (collateral kills)
  2 yaks (D:9)
  A jelly (D:6)
  A killer bee (D:8)
  A hound (D:7)
  A killer bee zombie (D:6)
6 creatures vanquished.

Vanquished Creatures (others)
  A centaur skeleton (D:6)
  652 foxfires
653 creatures vanquished.

Grand Total: 851 creatures vanquished

Notes
Turn   | Place    | Note
-------+----------+-------------------------------------------
     0 | D:1      | 101zpm the Djinni Fire Elementalist began the quest for the
                  | Orb.
     0 | D:1      | Reached XP level 1. HP: 15/15 MP: 0/0
   215 | D:1      | Reached XP level 2. HP: 10/21 MP: 0/0
   761 | D:1      | Reached skill level 3 in Spellcasting
   988 | D:2      | Reached XP level 3. HP: 22/25 MP: 0/0
   988 | D:2      | Learned a level 1 spell: Summon Small Mammal
  1348 | D:2      | Found a faded altar of an unknown god.
  1355 | D:2      | Reached XP level 4. HP: 19/31 MP: 0/0
  2047 | D:4      | Reached skill level 4 in Spellcasting
  2226 | D:4      | Reached XP level 5. HP: 31/35 MP: 0/0
  2226 | D:4      | Learned a level 2 spell: Ensorcelled Hibernation
  2381 | D:4      | Noticed a bullfrog
  2386 | D:4      | Killed a bullfrog
  2602 | D:4      | Reached XP level 6. HP: 21/40 MP: 0/0
  2939 | D:4      | Reached skill level 5 in Spellcasting
  3221 | D:4      | Noticed a water moccasin
  3225 | D:4      | Killed a water moccasin
  3472 | D:5      | Entered Level 5 of the Dungeon
  3480 | D:4      | Reached XP level 7. HP: 25/45 MP: 0/0
  3480 | D:4      | Learned a level 3 spell: Swiftness
  3768 | D:5      | Reached skill level 6 in Spellcasting
  4483 | D:5      | Noticed Duvessa
  4489 | D:5      | Noticed Dowan
  4494 | D:5      | Killed Duvessa
  4495 | D:5      | Reached XP level 8. HP: 38/50 MP: 0/0
  4500 | D:5      | Killed Dowan
  4738 | D:5      | Reached skill level 7 in Spellcasting
  4837 | D:5      | Noticed Edmund
  4848 | D:5      | HP: 2/50 [Edmund/+4 flail of protection (14)]
  4849 | D:5      | Killed Edmund
  5387 | D:5      | Noticed Pikel
  5425 | D:5      | Killed Pikel
  5426 | D:5      | Reached skill level 8 in Spellcasting
  5426 | D:5      | Reached XP level 9. HP: 32/56 MP: 0/0
  5426 | D:5      | Learned a level 4 spell: Summon Ice Beast
  5716 | D:5      | Reached skill level 1 in Fighting
  6204 | D:6      | Reached skill level 9 in Spellcasting
  7856 | D:7      | Found a shimmering altar of Xom.
  7975 | D:7      | Reached XP level 10. HP: 57/62 MP: 0/0
  8663 | D:7      | Identified the +0 leather armour of Perpetual Drought
                  | {Str+3 Dex+4}
  8743 | D:6      | Found Onereh's Distillery.
  8748 | D:6      | Reached skill level 10 in Spellcasting
  8760 | D:6      | Identified the +0 leather armour of Parts Unknown {rC+
                  | Str+2 Stlth-}
  8845 | D:6      | Found a staircase to the Ecumenical Temple.
  9245 | D:8      | Reached skill level 1 in Armour
  9714 | D:8      | Reached skill level 11 in Spellcasting
 10394 | Temple   | Entered the Ecumenical Temple
 10493 | Temple   | Became a worshipper of Cheibriados the Contemplative
 10634 | D:9      | Reached XP level 11. HP: 55/67 MP: 0/0
 10634 | D:9      | Learned a level 5 spell: Irradiate
 10869 | D:10     | Entered Level 10 of the Dungeon
 11177 | D:10     | Found a staircase to the Lair.
 11352 | D:10     | Slain by a vampire mosquito

Illustrated notes

Levels and vault maps discovered:
D:1:      lightli_arrival_maybe_door_vault, layout_basic
D:2:      minmay_chambers_of_ones, layout_loops_ring,
          hellmonk_ecumenical_altar_dog_temple, guppyfry_early_lair_pool
D:3:      layout_loops_ring, tgw_fedhas, minmay_misc_feat_iff, minmay_circle_x
D:4:      layout_loops_ring
D:5:      layout_layer_cave, uniq_edmund, uniq_duvessa, uniq_pikel
D:6:      layout_basic, temple_green, serial_shops, nicolae_shop_behind_doors,
          lemuel_flame_loot_1
D:7:      layout_cave_pods, kennysheep_mini_moat, minmay_chambers_of_fives
D:8:      layout_cave_pods
D:9:      layout_rooms
D:10:     layout_big_octagon, chequers_temple_overflow_minitemple,
          dpeg_oklobed_lair, david_orc_4, uniq_urug
Temple:   lightli_temple_of_artemis

Skill      XL: |  1  2  3  4  5  6  7  8  9 10 |
---------------+-------------------------------+-----
Spellcasting   | 3 4 5 6 8 9 11 | 11.9
Stealth        | 2 3 |  3.4
Fighting       | 1 |  1.2
Armour         | 2 |  2.8
Dodging        | |  2.8

Action                   |  1- 3 |  4- 6 |  7- 9 | 10-12 || total
-------------------------+-------+-------+-------+-------++-------
Melee: Unarmed           |     1 |       |       |       ||     1
 Cast: Foxfire           |    76 |    66 |   123 |   140 ||   405
       Inner Flame       |     1 |    19 |    58 |    69 ||   147
       Scorch            |       |     5 |     8 |       ||    13
       Ensorcelled Hiber |       |     1 |       |       ||     1
       Summon Small Mamm |       |       |    16 |    19 ||    35
       Summon Ice Beast  |       |       |     7 |     9 ||    16
       Irradiate         |       |       |       |     1 ||     1
  Use: Potion            |       |       |     2 |       ||     2
Armor: Robe              |     1 |     2 |     5 |       ||     8
       Troll leather arm |       |       |       |     7 ||     7
Dodge: Dodged            |     3 |     1 |    17 |    33 ||    54
